 Dungeon Crawl Stone Soup version 0.29.0-4-gdea44cf6ec (webtiles) character file.

Game seed: 5672087508774381841

236 qw the Chopper (level 6, -2/39 HPs)
             Began as a Gargoyle Berserker on Sept 6, 2022.
             Was a Believer of Trog.
             Killed by divine providence
             ... invoked by an orc priest
              (10 damage)
             ... on level 7 of the Dungeon.
             The game lasted 00:01:12 (3605 turns).

qw the Chopper (Gargoyle Berserker)                 Turns: 3605, Time: 00:01:13

Health: -2/39      AC: 12    Str: 23    XL:     6   Next: 6%
Magic:  6/6        EV: 10    Int:  7    God:    Trog [**....]
Gold:   178        SH:  0    Dex:  9    Spells: 5/5 levels left

rFire   . . .      SeeInvis .   Y - +0 hand axe
rCold   . . .      Faith    .   (no shield)
rNeg    + . .      Spirit   .   j - +0 scale mail
rPois   inf        Reflect  .   (no helmet)
rElec   +          Harm     .   i - +0 cloak
rCorr   .          Rampage  .   (no gloves)
Will    .....                   (no boots)
Stlth   ..........              (no amulet)
HPRegen 0.13/turn               (no ring)
MPRegen 0.10/turn               (no ring)

@: confused, on berserk cooldown, slowed, very slow
A: sickness immunity, AC +4, negative energy resistance 1, electricity
resistance, torment resistance 1, petrification resistance
a: Renounce Religion, Berserk, Trog's Hand


You were on level 7 of the Dungeon.
You worshipped Trog.
Trog was pleased with you.
You visited 1 branch of the dungeon, and saw 5 of its levels.

You collected 178 gold pieces.


Innate Abilities, Weirdness & Mutations

You are immune to sickness and miasma.
Your stone body is resilient. (AC +4)
You are immune to poison.
You resist negative energy. (rN+)
You are resistant to electric shocks. (rElec)
You are resistant to unholy torment.
You are immune to petrification.


   Skills:
 - Level 4.7 Fighting
 + Level 5.2 Axes
 - Level 2.1 Armour
 - Level 1.5 Dodging


You had 5 spell levels left.
You didn't know any spells.
Your spell library was empty.

Inventory:

Hand Weapons
 k - a +0 whip
 Y - a +0 hand axe (weapon)
Missiles
 l - 3 boomerangs (quivered)
Armour
 i - a +0 cloak (worn)
 j - a +0 scale mail (worn)
Scrolls
 b - a scroll of identify
 f - a scroll of teleportation
Potions
 c - a potion of attraction {unknown}
 d - a potion of flight {unknown}
 e - a potion of curing {unknown}
 h - a potion of magic {unknown}

Dungeon Overview and Level Annotations

Branches:
Dungeon (4/15)
 Temple: D:4-7

Altars:
Dithmenos
Makhleb

Shops:
D:1 ?


Message History

You feel less confused. The bullfrog hits you!
The orc priest calls upon Beogh to heal the orc wizard.
The orc wizard is healed somewhat.
The orc wizard hits you but does no damage.
The bullfrog hits you but does no damage.
The orc wizard hits you but does no damage.
The orc priest casts a cantrip, but nothing happens.
You hit the orc wizard but do no damage.
The orc wizard is heavily wounded.
You barely miss the bullfrog. The bullfrog closely misses you.
The bullfrog hits you.
The orc wizard hits you but does no damage.
The bullfrog hits you but does no damage.
You barely miss the orc wizard.
The orc wizard is heavily wounded.
You hit the bullfrog.
The bullfrog hits you but does no damage.
The orc priest casts a cantrip, but nothing happens.
The orc wizard barely misses you.
The bullfrog hits you but does no damage.
The orc wizard misses you.
You closely miss the orc wizard.
The orc wizard is heavily wounded.
You hit the bullfrog. The bullfrog closely misses you. The bullfrog hits you.
The orc wizard casts a spell at you.
You are confused.
The bullfrog hits you.
You bump into the rock wall.
The bullfrog hits you.
The bullfrog hits you but does no damage.
The orc priest calls upon Beogh to heal the orc wizard.
The orc wizard is healed somewhat.
The bullfrog hits you but does no damage.
You bump into the rock wall.
The bullfrog hits you but does no damage.
The orc priest calls down the wrath of Beogh upon you.
Beogh smites you!
You die...

#### .....
### ....
..# ##...
#.# ....#
#.# .
#oo######.#
..
#oF@...#.##
..#
######....#
... ###.##
#.### #...#
#...##
#.#.#
###..##
####>#.#
##..#
##....#.#
##.####
#.!####.#
#....# #.##
#.#


You could see a bullfrog, an orc priest, an orc wizard and an orc.

Vanquished Creatures
  A bullfrog (D:7)
  An orc priest (D:7)
  Natasha (D:2)
  A gnoll (D:1)
  4 adders
  A white imp (D:3)
  3 worms
  A dart slug (D:2)
  An orc (D:7)
  3 endoplasms
  3 giant cockroaches
  6 goblins
  3 hobgoblins
  7 kobolds
  2 quokkas
  10 ball pythons
  5 bats
  6 frilled lizards
  2 rats
61 creatures vanquished.

Notes
Turn   | Place    | Note
-------+----------+-------------------------------------------
     0 | D:1      | qw the Gargoyle Berserker began the quest for the Orb.
     0 | D:1      | Reached XP level 1. HP: 14/14 MP: 1/1
     0 | D:1      | 0 ||| qw: Version: 0.1-a-107-g9ff403c
     0 | D:1      | 0 ||| qw: Game counter: 6169
     0 | D:1      | 0 ||| qw: Always use a shield: true
     0 | D:1      | 0 ||| qw: Do Orc after D:15 true
     0 | D:1      | 0 ||| qw: Do second Lair branch before Depths: true
     0 | D:1      | 0 ||| qw: Lair rune preference: random
     0 | D:1      | 0 ||| qw: Plans: Normal
     0 | D:1      | 0 ||| PLANNING D:1-11
   184 | D:1      | Reached skill level 3 in Axes
   236 | D:1      | 236 ||| Stepping ~*~*~tactically~*~*~ (stealth).
   242 | D:1      | 242 ||| Stepping ~*~*~tactically~*~*~ (stealth).
   248 | D:1      | Reached XP level 2. HP: 13/19 MP: 2/2
   287 | D:1      | 287 ||| Stepping ~*~*~tactically~*~*~ (stealth).
   288 | D:1      | 288 ||| Stepping ~*~*~tactically~*~*~ (stealth).
   289 | D:1      | 289 ||| Stepping ~*~*~tactically~*~*~ (stealth).
   334 | D:1      | 334 ||| Stepping ~*~*~tactically~*~*~ (stealth).
   342 | D:1      | 342 ||| Stepping ~*~*~tactically~*~*~ (stealth).
   603 | D:1      | Found Zoippan's Magic Scroll Shop.
   673 | D:1      | 673 ||| SHOPLISTING scroll of identify (28 gold, have 21).
   673 | D:1      | 673 ||| SHOPLISTING scroll of teleportation (42 gold, have
                  | 21).
   837 | D:1      | 837 ||| Stepping ~*~*~tactically~*~*~ (hiding).
   839 | D:1      | 839 ||| Stepping ~*~*~tactically~*~*~ (hiding).
   840 | D:1      | 840 ||| Stepping ~*~*~tactically~*~*~ (hiding).
   841 | D:1      | 841 ||| Stepping ~*~*~tactically~*~*~ (hiding).
   845 | D:1      | 845 ||| INVOKING Berserk.
   853 | D:1      | Reached XP level 3. HP: 12/23 MP: 3/3
  1134 | D:1      | 1134 ||| DROPPING +0 club.
  1351 | D:1      | 1351 ||| READING scroll labelled EJUITTOWABU.
  1354 | D:1      | 1354 ||| READING scroll labelled FEATEE AMAEHI.
  1355 | D:1      | 1355 ||| READING scroll labelled FIRUGOA UWUE.
  1456 | D:1      | 1456 ||| READING scroll labelled PUGE TERINEQUCK.
  1457 | D:1      | 1457 ||| DRINKING 2 viscous green potions.
  1458 | D:1      | 1458 ||| DROPPING potion of brilliance.
  1482 | D:2      | Reached skill level 4 in Axes
  1536 | D:2      | 1536 ||| Stepping ~*~*~tactically~*~*~ (stealth).
  1537 | D:2      | 1537 ||| Stepping ~*~*~tactically~*~*~ (stealth).
  1538 | D:2      | 1538 ||| Stepping ~*~*~tactically~*~*~ (stealth).
  1540 | D:2      | 1540 ||| Stepping ~*~*~tactically~*~*~ (stealth).
  1873 | D:2      | Reached XP level 4. HP: 19/28 MP: 4/4
  1873 | D:2      | 1873 ||| STAIRDANCE
  1965 | D:1      | 1965 ||| UPGRADING to +0 ring mail.
  1975 | D:1      | 1975 ||| DROPPING +0 animal skin.
  1976 | D:1      | 1976 ||| READING scroll labelled NINNICZOUDI.
  2123 | D:2      | Found a faded altar of an unknown god.
  2354 | D:2      | Noticed Natasha
  2358 | D:2      | 2358 ||| INVOKING Berserk.
  2360 | D:2      | Killed Natasha
  2620 | D:2      | Reached ** piety under Trog
  2840 | D:3      | Reached skill level 5 in Axes
  2902 | D:3      | Found a shadowy altar of Dithmenos.
  2904 | D:3      | Found a burning altar of Makhleb.
  2914 | D:3      | Reached XP level 5. HP: 32/32 MP: 5/5
  3459 | D:3      | 3459 ||| UPGRADING to +0 cloak.
  3464 | D:3      | 3464 ||| UPGRADING to +0 scale mail.
  3474 | D:3      | 3474 ||| DROPPING +0 ring mail.
  3475 | D:3      | 3475 ||| READING scroll labelled KUNALU PUALYX.
  3491 | D:4      | You fall into a shaft and drop 3 floors!
  3583 | D:7      | 3583 ||| Stepping ~*~*~tactically~*~*~ (hiding).
  3585 | D:7      | 3585 ||| Stepping ~*~*~tactically~*~*~ (hiding).
  3588 | D:7      | 3588 ||| INVOKING Berserk.
  3593 | D:7      | Reached XP level 6. HP: 39/39 MP: 6/6
  3604 | D:7      | HP: 8/39 [bullfrog (3)]
  3605 | D:7      | Killed from afar by an orc priest

Levels and vault maps discovered:
D:1:      lightli_arrival_statuegarden, layout_basic, serial_shops,
          nicolae_shop_crystal
D:2:      layout_basic, ebering_ecumenical_altar_webs,
          kennysheep_generic_room_3, uniq_natasha
D:3:      layout_basic, nicolae_overflow_hidden_temple
D:4:      layout_loops_cross, trog_book, uniq_menkaure
D:7:      layout_rooms

Skill      XL: |  1  2  3  4  5 |
---------------+----------------+-----
Axes           | 3 4 5 |  5.2
Fighting       | 4 |  4.7
Armour         | |  2.1
Dodging        | |  1.5

Action                   |  1- 3 |  4- 6 || total
-------------------------+-------+-------++-------
Melee: Hand axe          |   106 |   125 ||   231
       Punch             |     1 |     1 ||     2
Invok: Berserk           |     1 |     2 ||     3
  Use: Scroll            |     4 |     2 ||     6
       Potion            |     1 |       ||     1
Armor: Animal skin       |    35 |       ||    35
       Ring mail         |       |    49 ||    49
       Scale mail        |       |    22 ||    22
Dodge: Dodged            |    62 |    53 ||   115

Table legend:
 A = Non-vault XP
 B = Vault XP
 C = Vault XP percentage of total XP
 D = Non-vault monster count
 E = Vault monster count
 F = Vault count percentage of total count
                 A         B        C        D         E       F
            +---------+---------+-------+---------+---------+-------
      Total |     302 |      36 |  10.7 |      59 |       2 |   3.3
            +---------+---------+-------+---------+---------+-------
        D:1 |      48 |       0 |   0.0 |      21 |       0 |   0.0
        D:2 |      62 |      36 |  36.7 |      20 |       2 |   9.1
        D:3 |      55 |       0 |   0.0 |      15 |       0 |   0.0
        D:7 |     137 |       0 |   0.0 |       3 |       0 |   0.0
            +---------+---------+-------+---------+---------+-------
